 Dungeon Crawl Stone Soup version 0.29-a0-338-g1ff7896281 (webtiles) character file.

Game seed: 13813130219783133322

49 melkoren the Skirmisher (level 3, -1/34 HPs)
             Began as a Minotaur Berserker on Apr 17, 2022.
             Was a Believer of Trog.
             Slain by Crazy Yiuf
             ... wielding a +4 quarterstaff of chaos
              (5 damage)
             ... on level 2 of the Dungeon.
             The game lasted 00:05:16 (2725 turns).

melkoren the Skirmisher (Minotaur Berserker)        Turns: 2725, Time: 00:05:17

Health: -1/34      AC:  8    Str: 23    XL:     3   Next: 53%
Magic:  2/2        EV: 10    Int:  4    God:    Trog [**....]
Gold:   65         SH:  0    Dex:  9    Spells: 2/2 levels left

rFire   . . .      SeeInvis .   a - +1 hand axe
rCold   . . .      Faith    .   (no shield)
rNeg    + . .      Spirit   .   j - +0 scale mail
rPois   .          Reflect  .   (helmet restricted)
rElec   .          Harm     .   (no cloak)
rCorr   .          Rampage  .   m - +0 pair of gloves
Will    .....                   (no boots)
Stlth   ..........              (no amulet)
HPRegen 0.11/turn               N - ring of positive energy
MPRegen 0.08/turn               (no ring)

@: no status effects
A: horns 2, retaliatory headbutt
a: Renounce Religion, Berserk, Trog's Hand


You were on level 2 of the Dungeon.
You worshipped Trog.
Trog was pleased with you.
You visited 1 branch of the dungeon, and saw 2 of its levels.

You collected 65 gold pieces.


Innate Abilities, Weirdness & Mutations

You have a pair of horns on your head.
You reflexively headbutt those who attack you in melee.


   Skills:
 + Level 4.4 Fighting
 + Level 4.3 Axes
 + Level 3.4 Armour
 - Level 2.1 Dodging


You had 2 spell levels left.
You didn't know any spells.
Your spell library was empty.

Inventory:

Hand Weapons
 a - a +1 hand axe (weapon)
Missiles
 h - 46 stones (quivered)
Armour
 b - a +0 animal skin
 d - a +0 leather armour
   (You found it on level 1 of the Dungeon)
 e - a +0 ring mail
   (You found it on level 1 of the Dungeon)
 g - a +0 ring mail
   (You found it on level 1 of the Dungeon)
 j - a +0 scale mail (worn)
   (You found it on level 2 of the Dungeon)
 l - a +0 robe
   (You found it on level 2 of the Dungeon)
 m - a +0 pair of gloves (worn)
   (You found it on level 2 of the Dungeon)
Jewellery
 N - a ring of positive energy (left hand)
   (You found it on level 2 of the Dungeon)
Scrolls
 c - a scroll of summoning
 f - a scroll of teleportation {@r4}
 i - a scroll of identify {@r1}
Potions
 k - a potion of haste {@q3}

Dungeon Overview and Level Annotations

Branches:
Dungeon (2/15)

Altars:

Annotations:
D:2 Crazy Yiuf

#..#.#.###########
#..#.#.# #....#.# ########
######## #### #.......
#..# ♣♣♣♣♣##....... #..#
#### ♣♣♣.♣.P........#
#####..#
#...#♣..♣..P.........
#......#
#..g@.♣♣♣♣P.........#
#.###..# #)..#♣♣
♣♣P........# ####.# #..#
#### ♣♣##......# ...#.#
#..# #.####.. ##.#.# ####
#.# #.. #.#.#
#################.# #..
#.#.#
###>.............##.####..
#.#.#
#........................#
#.#.#
#.######..#########.######


You could see Crazy Yiuf.


Message History

There is a stone staircase leading down here.
f - a scroll of teleportation {@r4}
N - a ring of positive energy
Okay, then.
N - a ring of positive energy (left hand)
Your frilled lizard dissolves into shadows!
i - a staff of fire {forbidden!a} You drop a staff of fire {forbidden!a}.
i - a scroll labelled TAMARHYNIPN
As you read the scroll labelled TAMARHYNIPN, it crumbles to dust.
You assume a fearsome visage.
Nothing appears to happen.
It was a scroll of fear.
A goblin comes into view. It is wielding a +0 club.
The goblin shouts!
The goblin barely misses you. You furiously retaliate!
You headbutt the goblin!
You kill the goblin!
Trog accepts your kill.
No target in view!
No target in view!
i - a scroll of identify {@r1}
Things that are here:
a +0 club; a goblin corpse
There is a shaft here.
A ball python comes into view.
The ball python hisses angrily.
You hit the ball python.
You kill the ball python!
Trog accepts your kill.
No target in view!
You see here a ball python corpse.
Found a stone staircase leading up.
j - a +0 scale mail
l - a +0 robe You now have 65 gold pieces (gained 2).
A goblin comes into view. It is wielding a +0 dagger.
The goblin shouts!
The goblin hits you with a +0 dagger. 😕 HP[-1]
You take 1 damage, and now have 33/34 hp.
You closely miss the goblin. The goblin hits you but does no damage.
You hit the goblin. The goblin hits you but does no damage.
You closely miss the goblin. You headbutt the goblin.
You kill the goblin!
Trog accepts your kill.
No target in view!
You start removing your armour.
You continue taking off your +0 ring mail. x4
You finish taking off your +0 ring mail.
You start putting on your armour.
You continue putting on your +0 scale mail. x5
You finish putting on your +0 scale mail. 😎 HP[+1]
Your hp is fully restored (34).
You see here a +0 dagger.
Found a stone staircase leading down.
There is a stone staircase leading down here.
You see here a +0 hunting sling.
m - a +0 pair of gloves You start putting on your armour.
You continue putting on your +0 pair of gloves. x4
You finish putting on your +0 pair of gloves.
Okay, then.
Okay, then.
You see here a +0 hunting sling.
Crazy Yiuf shouts!
A hobgoblin comes into view.
The hobgoblin shouts!
The hobgoblin hits you. 😕 HP[-1]
You take 1 damage, and now have 33/34 hp.
You slash the hobgoblin!
You kill the hobgoblin!
Trog accepts your kill.
No target in view!
No target in view!
No target in view!
No target in view! 😎 HP[+1]
Your hp is fully restored (34).
You open the door. Crazy Yiuf closely misses you.
There is an open translucent door here.
You slash Crazy Yiuf!
Crazy Yiuf says, "I'm not crazy!"
Crazy Yiuf hits you with a +4 quarterstaff of chaos.
Crazy Yiuf freezes you. 😕 HP[-7]
You take 7 damage, and now have 27/34 hp.
MASSIVE DAMAGE!! (PAUSE)
You closely miss Crazy Yiuf.
Crazy Yiuf hits you with a +4 quarterstaff of chaos!
* * * LOW HITPOINT WARNING * * *
Crazy Yiuf burns you!
* * * LOW HITPOINT WARNING * * *
😱 HP[-23]
You take 23 damage, and now have 4/34 hp.
MASSIVE DAMAGE!! (PAUSE)
You barely miss Crazy Yiuf. Crazy Yiuf completely misses you.
Crazy Yiuf hits you with a +4 quarterstaff of chaos.
You die...

Skill      XL: |  1  2 |
---------------+-------+-----
Fighting       | 4 |  4.4
Axes           | 4 |  4.3
Armour         | 3 |  3.4
Dodging        | |  2.1

Action                   || total
-------------------------++-------
Melee: Hand axe          ||    61
       Headbutt          ||     6
  Use: Scroll            ||     5
       Potion            ||     3
Armor: Animal skin       ||    13
       Ring mail         ||     2
Dodge: Dodged            ||    26

Levels and vault maps discovered:
D:1:      onia_arrival_handbag, layout_basic, minivault_5,
          minmay_misc_feat_ornament
D:2:      layout_basic, uniq_crazy_yiuf_cottage

Notes
Turn   | Place    | Note
-------+----------+-------------------------------------------
     0 | D:1      | melkoren the Minotaur Berserker began the quest for the
                  | Orb.
     0 | D:1      | Reached XP level 1. HP: 19/19 MP: 0/0
     0 | D:1      | magus.rc [v1.11.3]
   364 | D:1      | Reached XP level 2. HP: 27/27 MP: 1/1
   397 | D:1      | Reached skill level 4 in Fighting
   731 | D:1      | Reached skill level 4 in Axes
   864 | D:1      | Reached skill level 3 in Armour
  1625 | D:2      | Reached XP level 3. HP: 33/33 MP: 2/2
  1826 | D:2      | Reached ** piety under Trog
  2517 | D:2      | Found a runed translucent door.
  2518 | D:2      | Noticed Crazy Yiuf
  2724 | D:2      | HP: 4/34 [Crazy Yiuf/+4 quarterstaff of chaos (8)]
  2725 | D:2      | Slain by Crazy Yiuf

Vanquished Creatures
  An adder (D:2)
  4 ball pythons
  5 endoplasms
  2 giant cockroaches (D:1)
  4 goblins
  3 hobgoblins
  2 quokkas
  7 bats
  A frilled lizard (D:1)
  2 kobolds
  6 rats
37 creatures vanquished.

Table legend:
 A = Non-vault XP
 B = Vault XP
 C = Vault XP percentage of total XP
 D = Non-vault monster count
 E = Vault monster count
 F = Vault count percentage of total count
                 A         B        C        D         E       F
            +---------+---------+-------+---------+---------+-------
      Total |      65 |       6 |   8.5 |      33 |       4 |  10.8
            +---------+---------+-------+---------+---------+-------
        D:1 |      28 |       6 |  17.6 |      17 |       4 |  19.0
        D:2 |      37 |       0 |   0.0 |      16 |       0 |   0.0
            +---------+---------+-------+---------+---------+-------

Illustrated notes

Table legend:
 A = Kills in this place as a percentage of kills in entire the game.
 B = Kills by you in this place as a percentage of kills by you in the entire game.
 C = Kills by friends in this place as a percentage of kills by friends in the entire game.
 D = Other kills in this place as a percentage of other kills in the entire game.
 E = Experience gained in this place as a percentage of experience gained in the entire game.
 F = Experience gained in this place divided by the number of levels of this place that you have seen.
                   A       B       C       D       E      F
               +-------+-------+-------+-------+-------+----------------------
         Total | 100.0 | 100.0 |   N/A |   N/A | 100.0 |  35.5
       Dungeon | 100.0 | 100.0 |   N/A |   N/A | 100.0 |  35.5
               +-------+-------+-------+-------+-------+----------------------

Table legend: (Time is in decaauts)
 A = Elapsed time spent in this place.
 B = Non-inter-level travel time spent in this place.
 C = Inter-level travel time spent in this place.
 D = Time resting spent in this place.
 E = Time spent auto-exploring this place.
 F = Levels seen in this place.
 G = Mean time per level.
                   A        B        C        D        E       F      G
               +--------+--------+--------+--------+--------+-----+--------+
         Total |   2730 |   2666 |     64 |    253 |   2140 |   2 | 1365.0 |
       Dungeon |   2730 |   2666 |     64 |    253 |   2140 |   2 | 1365.0 |
               +--------+--------+--------+--------+--------+-----+--------+

Top non-repeatable levels by time:
     D:1: 1400 daAuts
     D:2: 1329 daAuts
